 Dungeon Crawl Stone Soup version 0.20.1-1-g8b1a95d (webtiles) character file.

3481 wojtek the Cleaver (level 9, -14/82 HPs)
             Began as a Minotaur Fighter on Dec 25, 2017.
             Was a Priest of Makhleb.
             Demolished by a two-headed ogre
             ... wielding a +0 giant spiked club
              (32 damage)
             ... on level 8 of the Dungeon.
             The game lasted 00:09:21 (6892 turns).

wojtek the Cleaver (Minotaur Fighter)               Turns: 6892, Time: 00:09:23

Health: -14/82     AC: 13    Str: 28    XL:     9   Next: 79%
Magic:  12/12      EV:  7    Int:  5    God:    Makhleb [***...]
Gold:   421        SH: 10    Dex: 10    Spells: 8/8 levels left

rFire    . . .     SeeInvis .   a - +0 war axe
rCold    . . .     Gourm    +   c - +0 shield
rNeg     . . .     Faith    .   b - +0 scale mail
rPois    .         Spirit   .   (helmet restricted)
rElec    .         Reflect  .   x - +0 cloak
rCorr    .         Harm     .   e - +0 pair of gloves
MR       .....                  D - +1 pair of boots
Stlth    ..........             h - amulet of the gourmand
Regen    0.3/turn               G - +4 ring of strength (curse)
MPRegen  0.2/turn               (no ring)

@: no status effects
A: retaliatory headbutt, horns 2
a: Minor Destruction, Lesser Servant of Makhleb, Renounce Religion


You were on level 8 of the Dungeon.
You worshipped Makhleb.
Makhleb was most pleased with you.
You were completely stuffed.

You visited 2 branches of the dungeon, and saw 9 of its levels.

You collected 421 gold pieces.

Inventory:

Hand Weapons
 a - a +0 war axe (weapon)
Armour
 b - a +0 scale mail (worn)
 c - a +0 shield (worn)
 e - a +0 pair of gloves (worn)
 x - a +0 cloak (worn)
 D - a +1 pair of boots (worn)
Jewellery
 h - an amulet of the gourmand (around neck)
 t - an uncursed amulet of rage {unknown}
 G - a cursed +4 ring of strength (left hand)
Wands
 y - a wand of lightning (8/15)
Scrolls
 i - 5 scrolls of amnesia {unknown}
 j - 3 scrolls of enchant weapon {unknown}
 k - 2 scrolls of enchant armour {unknown}
 m - 2 scrolls of magic mapping {unknown}
 p - 2 scrolls of identify
 r - 5 scrolls of blinking {unknown}
 s - 2 scrolls of teleportation {unknown}
 v - 5 scrolls of remove curse {unknown}
 z - a scroll of immolation {unknown}
 B - a scroll of noise {unknown}
 F - a scroll of recharging {unknown}
Potions
 d - 2 potions of might
 l - 4 potions of degeneration {unknown}
 n - 2 potions of mutation
 q - 4 potions of curing
 u - a potion of cancellation {unknown}
 w - a potion of brilliance {unknown}
 A - a potion of haste {unknown}
 E - 2 potions of lignification
Comestibles
 f - 4 bread rations
 g - 3 meat rations
 o - 7 fruits


   Skills:
 + Level 8.4 Fighting
 * Level 10.9 Axes
 + Level 8.5 Armour
 - Level 3.6 Shields
 + Level 5.7 Invocations


You had 8 spell levels left.
You didn't know any spells.

Dungeon Overview and Level Annotations

Branches:
Dungeon (8/15)             Temple (1/1) D:5
   Lair: D:8-11

Altars:
Ashenzari
Cheibriados
Dithmenos
Elyvilon
Fedhas
Gozag
Hepliaklqana
Makhleb
Nemelex Xobeh
Okawaru
Qazlal
Ru
Sif Muna
Trog
Uskayaw
Vehumet
Xom
Yredelemnul
Zin
The Shining One

Shops:
D:4 %   D:5 [

Annotations:
D:6 1 runed door


Innate Abilities, Weirdness & Mutations

You reflexively headbutt those who attack you in melee.
You have a pair of horns on your head.


Message History

The two-headed ogre is almost dead.
You hit the quasit.
The quasit bites you but does no damage.
The quasit claws you but does no damage.
The quasit claws you.
* * * LOW HITPOINT WARNING * * *
The two-headed ogre barely misses you. You block the two-headed ogre's attack.
It was a potion of curing.
You feel better.
The quasit bites you but does no damage.
You block the quasit's attack. x2; The quasit bites you.
* * * LOW HITPOINT WARNING * * *
The quasit barely misses you. x2
You hit the two-headed ogre.
The two-headed ogre is almost dead.
You slash the quasit!
You kill the quasit!
Makhleb accepts your kill.
You feel better.
The two-headed ogre hits you with a giant spiked club!!
You die...

##..........##
##............##.
#................
#..............#
#..............#
#........<.....#
#................
#...............
##...@..........
###.#O.........
#.#.....(....
...#####.....
#... ..... #...
$.. #... ...


You could see a two-headed ogre.

Vanquished Creatures
  Pikel (D:6)
  2 hippogriffs (D:7)
  Grinder (D:3)
  A hungry ghost (D:7)
  Menkaure (D:4)
  An orc warrior (D:6)
  A slave (D:6)
  A sky beast (D:7)
  A phantom (D:4)
  An ogre (D:4)
  2 centaurs
  Blork the orc (D:4)
  3 bullfrogs
  3 scorpions
  A howler monkey (D:5)
  A centaur zombie (D:4)
  2 crimson imps (D:5)
  A quasit (D:8)
  A jelly (D:7)
  2 bullfrog zombies
  2 hounds
  5 orc priests
  Crazy Yiuf (D:4)
  A bullfrog skeleton (D:7)
  A centaur skeleton (D:5)
  Jessica (D:3)
  3 iguanas
  5 orc wizards
  12 worker ants
  A gnoll (D:1)
  9 adders
  2 shadow imps
  An ooze (D:6)
  3 adder skeletons
  3 worms
  A dart slug (D:3)
  5 leopard geckos
  23 orcs
  7 bats
  9 giant cockroaches
  8 goblins
  13 hobgoblins
  A jackal (D:4)
  5 quokkas
  3 ball pythons (D:1)
  9 frilled lizards
  5 kobolds
  A quokka skeleton (D:4)
  9 rats
  3 fungi (D:4)
180 creatures vanquished.

Vanquished Creatures (others)
  A slave (D:6)
  A centaur (D:6)
  A crimson imp (D:6)
  An orc wizard (D:7)
  An orc (D:6)
  2 jackals (D:6)
7 creatures vanquished.

Grand Total: 187 creatures vanquished

Notes
Turn   | Place    | Note
-------+----------+-------------------------------------------
     0 | D:1      | wojtek the Minotaur Fighter began the quest for the Orb.
     0 | D:1      | Reached XP level 1. HP: 19/19 MP: 0/0
    66 | D:1      | Reached XP level 2. HP: 24/27 MP: 1/1
    70 | D:1      | Reached skill level 3 in Axes
   211 | D:1      | Reached XP level 3. HP: 33/33 MP: 2/2
   700 | D:2      | Reached skill level 4 in Axes
   865 | D:2      | Reached XP level 4. HP: 40/40 MP: 3/3
  1363 | D:3      | Noticed Jessica
  1373 | D:3      | Killed Jessica
  1414 | D:3      | Found a blossoming altar of Fedhas.
  1414 | D:3      | Found a hide-covered altar of Uskayaw.
  1545 | D:3      | Found a burning altar of Makhleb.
  1551 | D:3      | Reached XP level 5. HP: 40/47 MP: 4/4
  1555 | D:3      | Became a worshipper of Makhleb the Destroyer
  1690 | D:3      | Noticed Grinder
  1696 | D:3      | Paralysed by Grinder for 6 turns
  1703 | D:3      | Killed Grinder
  1703 | D:3      | Reached skill level 5 in Fighting
  1703 | D:3      | Reached skill level 5 in Axes
  1703 | D:3      | Reached skill level 5 in Armour
  1703 | D:3      | Reached skill level 1 in Invocations
  1703 | D:3      | Reached XP level 6. HP: 37/56 MP: 4/6
  1914 | D:3      | Found an iron altar of Okawaru.
  2053 | D:3      | Reached skill level 6 in Axes
  2407 | D:4      | Noticed Blork the orc
  2415 | D:4      | Killed Blork the orc
  2415 | D:4      | Reached XP level 7. HP: 35/61 MP: 7/7
  2614 | D:4      | Noticed Menkaure
  2616 | D:4      | Killed Menkaure
  2626 | D:4      | Reached skill level 7 in Axes
  2746 | D:4      | Reached * piety under Makhleb
  2833 | D:4      | Found a runed door.
  2837 | D:4      | Noticed Crazy Yiuf
  2847 | D:4      | Killed Crazy Yiuf
  3150 | D:4      | Found Biotinah's Food Emporium.
  3518 | D:5      | Entered Level 5 of the Dungeon
  3563 | D:5      | Reached XP level 8. HP: 70/70 MP: 9/9
  3794 | D:5      | Found Ucuojes's Armour Shoppe.
  3832 | D:5      | Reached skill level 8 in Axes
  4006 | D:5      | Found a staircase to the Ecumenical Temple.
  4056 | Temple   | Entered the Ecumenical Temple
  4557 | D:6      | Noticed Pikel
  4574 | D:6      | Killed Pikel
  4574 | D:6      | Reached skill level 9 in Axes
  4883 | D:6      | Reached ** piety under Makhleb
  4907 | D:6      | Reached XP level 9. HP: 68/79 MP: 11/11
  5235 | D:6      | Found a runed door.
  5251 | D:6      | Found a runed door.
  5679 | D:7      | Reached skill level 5 in Invocations
  5804 | D:7      | Reached skill level 10 in Axes
  5917 | D:7      | Reached *** piety under Makhleb
  6879 | D:8      | Noticed a two-headed ogre
  6892 | D:8      | Demolished by a two-headed ogre

Skill      XL: |  1  2  3  4  5  6  7  8  9 |
---------------+----------------------------+-----
Armour         | 4 5 6 7 8 |  8.5
Axes           | 3 4 5 6 7 9 10 | 10.9
Fighting       | 4 5 6 7 8 |  8.4
Invocations    | 1 2 3 4 5 |  5.7
Shields        | |  3.6

Action                   |  1- 3 |  4- 6 |  7- 9 || total
-------------------------+-------+-------+-------++-------
Melee: War axe           |    93 |   100 |   318 ||   511
       Headbutt          |    13 |    15 |    56 ||    84
  Use: Scroll            |       |       |     4 ||     4
       Potion            |       |       |     1 ||     1
  Eat: Chunk             |       |     5 |    32 ||    37
Armor: Scale mail        |    50 |    37 |   144 ||   231
Dodge: Dodged            |    33 |    24 |    81 ||   138
Block: Shield            |    36 |    42 |   163 ||   241
